 Dungeon Crawl Stone Soup version 0.29.0-4-gdea44cf6ec (webtiles) character file.

Game seed: 8719013135798077680

20911 qw the Brawler (level 12, 0/114 HPs)
             Began as a Troll Cinder Acolyte on Sept 1, 2022.
             Was an Initiate of Ignis.
             Succumbed to Nessos's poison
             ... on level 4 of the Lair of Beasts.
             The game lasted 00:06:56 (12658 turns).

qw the Brawler (Troll Cinder Acolyte)              Turns: 12658, Time: 00:06:56

Health: 0/114      AC: 20    Str: 29    XL:     12   Next: 49%
Magic:  12/12      EV:  8    Int: 10    God:    Ignis [......]
Gold:   795        SH:  9    Dex:  5    Spells: 13/13 levels left

rFire   + . .      SeeInvis +     - Unarmed
rCold   . . .      Faith    .   o - +0 kite shield
rNeg    . . .      Spirit   .   q - +1 acid dragon scales
rPois   .          Reflect  .   (helmet restricted)
rElec   .          Harm     .   (no cloak)
rCorr   +          Rampage  .   (gloves unavailable)
Will    .....                   (boots unavailable)
Stlth   ..........              (no amulet)
HPRegen 1.09/turn               h - +4 ring of protection
MPRegen 0.13/turn               a - ring of see invisible

@: lethally poisoned (0 -> -28), about to teleport, fiery-armoured
A: large, unfitting armour, claws 3, regeneration 1, shaggy fur 1, tough skin 1
a: Renounce Religion, Rising Flame


You were on level 4 of the Lair of Beasts.
You worshipped Ignis.
Ignis was noncommittal.
You visited 2 branches of the dungeon, and saw 15 of its levels.

You collected 823 gold pieces.
You spent 28 gold pieces at shops.


Innate Abilities, Weirdness & Mutations

You are too large for most types of armour.
You have claws for hands.
Your natural rate of healing is unusually fast.
You are covered in fur. (AC +1)
You have tough skin. (AC +1)


   Skills:
 - Level 6.0 Fighting
 - Level 3.1 Throwing
 - Level 2.1 Armour
 - Level 1.0 Dodging
 - Level 11.0 Shields
 + Level 15.3 Unarmed Combat
 - Level 1.0 Spellcasting
 - Level 2.1 Fire Magic


You had 13 spell levels left.
You didn't know any spells.
Your spell library contained the following spells:

 Spells                   Type           Power      Damage    Failure   Level
 Scorch                   Fire           8%         2d5       41%         2

Inventory:

Missiles
 g - 9 boomerangs (quivered)
Armour
 o - a +0 kite shield (worn)
 q - +1 acid dragon scales (worn)
Jewellery
 a - a ring of see invisible (right claw)
 h - a +4 ring of protection (left claw)
 i - a +6 ring of strength
Scrolls
 d - 5 scrolls of identify
 k - 3 scrolls of teleportation
 n - 2 scrolls of enchant weapon
Potions
 b - 7 potions of curing
 e - 3 potions of mutation
 j - 2 potions of haste

Dungeon Overview and Level Annotations

Branches:
Dungeon (11/15)            Temple (0/1) D:7            Lair (4/5) D:11
 Shoals (0/4) Lair:3       Spider (0/4) Lair:3          Orc (0/2) D:9
  Slime: Lair:4-5

Altars:
Xom
Zin
The Shining One

Shops:
D:2 ?

Portals:
Abyss: D:3

Annotations:
D:3 2 transporters, qw's ghost, amateur TrCA
D:5 2 runed translucent doors, Crazy Yiuf; qw's ghost, novice TeWr
Lair:2 1 runed translucent door, qw's ghost, journeyman TeWr
Lair:4 Nessos


Message History

12649 ||| Stepping ~*~*~tactically~*~*~ (hiding).
You feel very sick.
Nessos mumbles some strange words.
Nessos blinks!
12650 ||| Stepping ~*~*~tactically~*~*~ (hiding).
You feel sick.
Nessos wields a +3 longbow of flaming.
It bursts into flame!
Nessos shoots an arrow.
The arrow hits you! The arrow burns you.
You are more poisoned.
You feel very sick.
Nessos casts a spell.
Nessos blinks!
You feel very sick.
Nessos shoots an arrow.
You block the arrow.
You feel very sick.
Nessos shoots an arrow.
You block the arrow.
Nessos shoots an arrow.
You block the arrow.
Nessos gestures wildly while chanting.
Nessos blinks!
You feel very sick.
Nessos shoots an arrow.
You block the arrow.
Nessos shoots an arrow.
The arrow hits you! The arrow burns you.
You are lethally poisoned!
12655 ||| READING 4 scrolls of teleportation.
As you read the scroll of teleportation, it crumbles to dust.
You feel strangely unstable.
You feel extremely sick.
Nessos shoots an arrow.
The arrow closely misses you.
Nessos shoots an arrow.
The arrow hits you! The arrow burns you.
You are more poisoned.
12656 ||| DRINKING potion of heal wounds.
You feel much better.
You feel extremely sick.
Nessos stands on their hind legs for a moment.
Nessos shoots an arrow.
You block the arrow.
Nessos shoots an arrow.
The arrow hits you.
You are more poisoned.
You feel extremely sick.
Nessos shoots an arrow.
You block the arrow.
Nessos shoots an arrow.
You block the arrow.
You die...

#.........## #..#.P....##
#.# #....### ####.#.#..###
............# P..........##
#######
..........>.###.##..#######
#..........###.............
..........@.##.#...........
...........c..<.#..........
#...........P####P.........
#.####PP.##### ##...).....
## ##### #P#####.## ###
####


You could see Nessos (fast).

Vanquished Creatures
  A hydra (D:11)
  2 boulder beetles
  A two-headed ogre (D:10)
  5 death yaks (Lair:3)
  Sonja (Lair:2)
  4 elephants (Lair:1)
  A black mamba (Lair:3)
  4 cane toads
  4 komodo dragons
  A rime drake (Lair:3)
  A troll (D:10)
  2 polar bears
  5 blink frogs (Lair:1)
  15 yaks
  2 wyverns
  Eustachio (D:6)
  2 vampire mosquitoes (D:11)
  2 redbacks (Lair:3)
  Menkaure (D:4)
  3 wargs (D:11)
  Duvessa (D:7)
  2 acid dragons
  4 water moccasins
  2 sky beasts
  9 orc warriors
  A black bear (Lair:3)
  4 centaurs
  3 phantoms (D:4)
  A kobold brigand (D:9)
  15 bullfrogs
  A gnoll sergeant (D:6)
  2 scorpions
  3 necrophages
  Dowan (D:7)
  A water moccasin skeleton (D:4)
  9 killer bees
  An electric eel (Lair:1)
  5 howler monkeys
  4 jellies
  A centaur zombie (D:4)
  13 orc priests
  2 hounds (D:5)
  A bullfrog skeleton (D:4)
  10 orc wizards
  3 scorpion zombies (D:4)
  4 hell rats (Lair:1)
  3 iguanas
  2 howler monkey zombies (D:4)
  A howler monkey skeleton (D:4)
  11 gnolls
  7 adders
  A shadow imp (D:7)
  A white imp (D:6)
  3 ufetubi
  4 adder zombies (D:4)
  3 worms
  2 dart slugs
  45 orcs
  6 ball pythons
  8 endoplasms
  2 giant cockroaches
  4 goblins
  5 hobgoblins
  5 jackals
  2 quokkas
  6 bats
  2 frilled lizards
  13 kobolds
  7 rats
304 creatures vanquished.

Vanquished Creatures (others)
  10 fungi
  22 plants
  8 withered plants (D:4)
40 creatures vanquished.

Grand Total: 344 creatures vanquished

Notes
Turn   | Place    | Note
-------+----------+-------------------------------------------
     0 | D:1      | qw the Troll Cinder Acolyte began the quest for the Orb.
     0 | D:1      | Reached XP level 1. HP: 22/22 MP: 1/1
     0 | D:1      | 0 ||| qw: Version: 0.1-a-97-g2dd2ca4
     0 | D:1      | 0 ||| qw: Game counter: 4708
     0 | D:1      | 0 ||| qw: Always use a shield: true
     0 | D:1      | 0 ||| qw: God list: Okawaru
     0 | D:1      | 0 ||| qw: Allow faded altars: false
     0 | D:1      | 0 ||| qw: Do Orc after D:15 true
     0 | D:1      | 0 ||| qw: Do second Lair branch before Depths: true
     0 | D:1      | 0 ||| qw: Lair rune preference: random
     0 | D:1      | 0 ||| qw: Plans: Normal
     0 | D:1      | 0 ||| PLANNING D:1-11
   109 | D:1      | 109 ||| Stepping ~*~*~tactically~*~*~ (stealth).
   111 | D:1      | 111 ||| Stepping ~*~*~tactically~*~*~ (stealth).
   118 | D:1      | 118 ||| Stepping ~*~*~tactically~*~*~ (stealth).
   120 | D:1      | 120 ||| Stepping ~*~*~tactically~*~*~ (hiding).
   130 | D:1      | Reached XP level 2. HP: 29/29 MP: 2/2
   470 | D:1      | Reached skill level 4 in Unarmed Combat
   520 | D:1      | Found a faded altar of an unknown god.
   544 | D:1      | 544 ||| Stepping ~*~*~tactically~*~*~ (stealth).
   545 | D:1      | 545 ||| Stepping ~*~*~tactically~*~*~ (stealth).
   630 | D:1      | 630 ||| Stepping ~*~*~tactically~*~*~ (stealth).
   631 | D:1      | 631 ||| Stepping ~*~*~tactically~*~*~ (stealth).
   733 | D:1      | 733 ||| DROPPING ring of magical power.
   734 | D:1      | 734 ||| READING scroll labelled EBEGIH ZUVE.
   735 | D:1      | 735 ||| READING scroll labelled BOAHY RETASS.
   736 | D:1      | 736 ||| DRINKING 2 purple potions.
   837 | D:2      | Reached XP level 3. HP: 36/36 MP: 3/3
  1059 | D:2      | Found a shimmering altar of Xom.
  1081 | D:2      | Found Adoitigua's Magic Scroll Boutique.
  1087 | D:2      | 1087 ||| SHOPLISTING scroll of brand weapon (133 gold, have
                  | 51).
  1087 | D:2      | 1087 ||| BUYING scroll of identify (28 gold).
  1087 | D:2      | Bought a scroll of identify for 28 gold pieces
  1087 | D:2      | 1087 ||| SHOPLISTING scroll of identify (28 gold, have 23).
  1087 | D:2      | 1087 ||| SHOPLISTING scroll of teleportation (42 gold, have
                  | 23).
  1655 | D:2      | 1655 ||| READING scroll labelled YCWEUFR JUTUFI.
  1656 | D:2      | 1656 ||| READING scroll labelled DUURAUSHODGH.
  1657 | D:2      | 1657 ||| DRINKING 2 metallic clear potions.
  1658 | D:2      | 1658 ||| READING 4 scrolls of identify.
  1658 | D:2      | 1658 ||| IDENTIFYING bubbling inky potion
  1659 | D:2      | 1659 ||| READING 3 scrolls of identify.
  1659 | D:2      | 1659 ||| IDENTIFYING blue potion
  1660 | D:2      | 1660 ||| DROPPING potion of degeneration.
  1661 | D:2      | 1661 ||| DROPPING potion of berserk rage.
  1807 | D:3      | Reached XP level 4. HP: 44/44 MP: 4/4
  1835 | D:3      | Reached skill level 5 in Unarmed Combat
  1909 | D:3      | Found a transporter.
  2065 | D:3      | Noticed a small abomination
  2070 | D:3      | Found a one-way gate to the infinite horrors of the Abyss.
  2086 | D:3      | 2086 ||| FLEEEEING.
  2087 | D:3      | 2087 ||| FLEEEEING.
  2088 | D:3      | 2088 ||| FLEEEEING.
  2089 | D:3      | 2089 ||| FLEEEEING.
  2092 | D:3      | 2092 ||| FLEEEEING.
  2093 | D:3      | 2093 ||| FLEEEEING.
  2094 | D:3      | 2094 ||| FLEEEEING.
  2094 | D:3      | Noticed qw's ghost (amateur TrCA)
  2095 | D:3      | 2095 ||| FLEEEEING.
  2096 | D:3      | 2096 ||| FLEEEEING.
  2097 | D:3      | 2097 ||| FLEEEEING.
  2098 | D:3      | 2098 ||| FLEEEEING.
  2103 | D:3      | 2103 ||| FLEEEEING.
  2105 | D:3      | 2105 ||| FLEEEEING.
  2106 | D:3      | 2106 ||| FLEEEEING.
  2107 | D:3      | 2107 ||| FLEEEEING.
  2111 | D:3      | 2111 ||| STAIRDANCE
  2121 | D:2      | 2121 ||| READING 2 scrolls labelled FAIMEPAEKH.
  2125 | D:2      | 2125 ||| READING 2 scrolls of identify.
  2125 | D:2      | 2125 ||| IDENTIFYING fizzy green potion
  2126 | D:2      | 2126 ||| DROPPING potion of lignification.
  2361 | D:3      | Found a glowing silver altar of Zin.
  2368 | D:3      | Found a transporter.
  2588 | D:3      | 2588 ||| DRINKING 2 orange potions.
  2636 | D:4      | 2636 ||| STAIRDANCE
  2740 | D:4      | 2740 ||| Stepping ~*~*~tactically~*~*~ (outnumbered).
  2741 | D:4      | 2741 ||| Stepping ~*~*~tactically~*~*~ (outnumbered).
  2745 | D:4      | Reached XP level 5. HP: 50/50 MP: 5/5
  2752 | D:4      | Noticed a phantom
  2759 | D:4      | 2759 ||| Stepping ~*~*~tactically~*~*~ (outnumbered).
  2760 | D:4      | 2760 ||| Stepping ~*~*~tactically~*~*~ (outnumbered).
  2761 | D:4      | 2761 ||| Stepping ~*~*~tactically~*~*~ (outnumbered).
  2770 | D:4      | 2770 ||| INVOKING Fiery Armour.
  2770 | D:4      | Killed a phantom
  2771 | D:4      | Reached skill level 6 in Unarmed Combat
  2826 | D:4      | 2826 ||| Stepping ~*~*~tactically~*~*~ (stealth).
  2828 | D:4      | 2828 ||| Stepping ~*~*~tactically~*~*~ (stealth).
  2832 | D:4      | 2832 ||| Stepping ~*~*~tactically~*~*~ (stealth).
  2833 | D:4      | 2833 ||| Stepping ~*~*~tactically~*~*~ (stealth).
  2834 | D:4      | 2834 ||| Stepping ~*~*~tactically~*~*~ (stealth).
  2849 | D:4      | 2849 ||| Stepping ~*~*~tactically~*~*~ (stealth).
  2851 | D:4      | 2851 ||| Stepping ~*~*~tactically~*~*~ (stealth).
  2898 | D:4      | 2898 ||| Stepping ~*~*~tactically~*~*~ (stealth).
  2899 | D:4      | 2899 ||| Stepping ~*~*~tactically~*~*~ (stealth).
  2901 | D:4      | 2901 ||| Stepping ~*~*~tactically~*~*~ (stealth).
  2905 | D:4      | Reached XP level 6. HP: 59/59 MP: 6/6
  2910 | D:4      | 2910 ||| Stepping ~*~*~tactically~*~*~ (stealth).
  2915 | D:4      | 2915 ||| Stepping ~*~*~tactically~*~*~ (stealth).
  2925 | D:4      | Reached skill level 7 in Unarmed Combat
  2941 | D:4      | 2941 ||| Stepping ~*~*~tactically~*~*~ (stealth).
  2956 | D:4      | Noticed Menkaure
  2957 | D:4      | 2957 ||| Stepping ~*~*~tactically~*~*~ (hiding).
  2964 | D:4      | Killed Menkaure
  2965 | D:4      | Reached skill level 8 in Unarmed Combat
  2965 | D:4      | Reached XP level 7. HP: 45/66 MP: 7/7
  3037 | D:4      | 3037 ||| Stepping ~*~*~tactically~*~*~ (stealth).
  3043 | D:4      | 3043 ||| Stepping ~*~*~tactically~*~*~ (stealth).
  3052 | D:4      | Reached skill level 3 in Fighting
  3054 | D:4      | 3054 ||| Stepping ~*~*~tactically~*~*~ (stealth).
  3061 | D:4      | 3061 ||| Stepping ~*~*~tactically~*~*~ (outnumbered).
  3084 | D:4      | 3084 ||| Stepping ~*~*~tactically~*~*~ (stealth).
  3309 | D:4      | 3309 ||| UPGRADING to +4 ring of protection.
  3310 | D:4      | 3310 ||| READING scroll labelled TEX VOKUSI.
  3326 | D:5      | Entered Level 5 of the Dungeon
  3396 | D:5      | 3396 ||| Stepping ~*~*~tactically~*~*~ (hiding).
  3409 | D:5      | 3409 ||| FLEEEEING.
  3410 | D:5      | 3410 ||| FLEEEEING.
  3411 | D:5      | 3411 ||| FLEEEEING.
  3412 | D:5      | 3412 ||| FLEEEEING.
  3413 | D:5      | 3413 ||| FLEEEEING.
  3414 | D:5      | 3414 ||| FLEEEEING.
  3415 | D:5      | 3415 ||| FLEEEEING.
  3416 | D:5      | 3416 ||| FLEEEEING.
  3417 | D:5      | 3417 ||| FLEEEEING.
  3428 | D:5      | Reached skill level 1 in Throwing
  3454 | D:5      | 3454 ||| Stepping ~*~*~tactically~*~*~ (stealth).
  3536 | D:5      | Found a glowing golden altar of the Shining One.
  3715 | D:5      | Found a runed translucent door.
  3716 | D:5      | Noticed Crazy Yiuf
  3791 | D:5      | Found a runed translucent door.
  3795 | D:5      | Noticed qw's ghost (novice TeWr)
  3799 | D:5      | 3799 ||| Stepping ~*~*~tactically~*~*~ (hiding).
  3808 | D:5      | Reached skill level 9 in Unarmed Combat
  3937 | D:5      | Reached XP level 8. HP: 75/75 MP: 8/8
  3950 | D:5      | Reached skill level 1 in Dodging
  4225 | D:5      | 4225 ||| UPGRADING to +0 kite shield.
  4230 | D:5      | 4230 ||| DROPPING ring of flight.
  4231 | D:5      | 4231 ||| READING scroll labelled QUPENGI UMAWK.
  4232 | D:5      | 4232 ||| READING 3 scrolls of identify.
  4232 | D:5      | 4232 ||| IDENTIFYING bubbling emerald potion
  4233 | D:5      | 4233 ||| READING 2 scrolls of identify.
  4233 | D:5      | 4233 ||| IDENTIFYING metallic red potion
  4234 | D:5      | 4234 ||| DROPPING potion of attraction.
  4235 | D:5      | 4235 ||| DROPPING potion of ambrosia.
  4252 | D:6      | 4252 ||| STAIRDANCE
  4295 | D:6      | 4295 ||| STAIRDANCE
  4301 | D:5      | Reached skill level 1 in Shields
  4356 | D:6      | 4356 ||| Stepping ~*~*~tactically~*~*~ (hiding).
  4357 | D:6      | 4357 ||| Stepping ~*~*~tactically~*~*~ (hiding).
  4630 | D:6      | 4630 ||| Stepping ~*~*~tactically~*~*~ (stealth).
  4632 | D:6      | 4632 ||| Stepping ~*~*~tactically~*~*~ (stealth).
  4645 | D:6      | 4645 ||| Stepping ~*~*~tactically~*~*~ (stealth).
  4679 | D:6      | Noticed Eustachio
  4694 | D:6      | 4694 ||| Stepping ~*~*~tactically~*~*~ (outnumbered).
  4695 | D:6      | Killed Eustachio
  4696 | D:6      | Reached skill level 3 in Shields
  4725 | D:6      | 4725 ||| Stepping ~*~*~tactically~*~*~ (hiding).
  4726 | D:6      | 4726 ||| Stepping ~*~*~tactically~*~*~ (hiding).
  5151 | D:7      | 5151 ||| INVOKING Fiery Armour.
  5167 | D:7      | Reached skill level 6 in Shields
  5252 | D:7      | Reached XP level 9. HP: 78/81 MP: 9/9
  5288 | D:7      | 5288 ||| Stepping ~*~*~tactically~*~*~ (stealth).
  5289 | D:7      | 5289 ||| Stepping ~*~*~tactically~*~*~ (stealth).
  5295 | D:7      | 5295 ||| Stepping ~*~*~tactically~*~*~ (hiding).
  5300 | D:7      | 5300 ||| DRINKING 6 potions of curing.
  5300 | D:7      | 5300 ||| (to cure confusion)
  5437 | D:7      | Noticed Dowan
  5438 | D:7      | 5438 ||| Stepping ~*~*~tactically~*~*~ (stealth).
  5439 | D:7      | 5439 ||| Stepping ~*~*~tactically~*~*~ (stealth).
  5440 | D:7      | Noticed Duvessa
  5441 | D:7      | 5441 ||| Stepping ~*~*~tactically~*~*~ (stealth).
  5442 | D:7      | 5442 ||| Stepping ~*~*~tactically~*~*~ (hiding).
  5443 | D:7      | 5443 ||| Stepping ~*~*~tactically~*~*~ (hiding).
  5446 | D:7      | 5446 ||| Stepping ~*~*~tactically~*~*~ (hiding).
  5448 | D:7      | 5448 ||| INVOKING Fiery Armour.
  5454 | D:7      | Killed Duvessa
  5455 | D:7      | 5455 ||| Stepping ~*~*~tactically~*~*~ (hiding).
  5458 | D:7      | 5458 ||| Stepping ~*~*~tactically~*~*~ (hiding).
  5461 | D:7      | 5461 ||| Stepping ~*~*~tactically~*~*~ (hiding).
  5465 | D:7      | Killed Dowan
  5602 | D:7      | Found a staircase to the Ecumenical Temple.
  5777 | D:7      | 5777 ||| READING scroll labelled IRIYJU NIRIES.
  5778 | D:7      | 5778 ||| DRINKING 2 fizzy coppery potions.
  5779 | D:7      | 5779 ||| READING 2 scrolls of identify.
  5779 | D:7      | 5779 ||| IDENTIFYING glowing dark potion
  5780 | D:7      | 5780 ||| DROPPING potion of magic.
  5970 | D:8      | 5970 ||| Stepping ~*~*~tactically~*~*~ (stealth).
  5972 | D:8      | 5972 ||| Stepping ~*~*~tactically~*~*~ (stealth).
  5976 | D:8      | 5976 ||| Stepping ~*~*~tactically~*~*~ (hiding).
  5982 | D:8      | 5982 ||| DRINKING 5 potions of curing.
  5982 | D:8      | 5982 ||| (to cure confusion)
  6002 | D:8      | Reached skill level 10 in Unarmed Combat
  6005 | D:8      | Reached skill level 3 in Throwing
  6034 | D:8      | 6034 ||| Stepping ~*~*~tactically~*~*~ (stealth).
  6038 | D:8      | 6038 ||| Stepping ~*~*~tactically~*~*~ (stealth).
  6051 | D:8      | 6051 ||| DRINKING 4 potions of curing.
  6051 | D:8      | 6051 ||| (to cure confusion)
  6052 | D:8      | 6052 ||| Stepping ~*~*~tactically~*~*~ (hiding).
  6055 | D:8      | 6055 ||| DRINKING 3 potions of curing.
  6055 | D:8      | 6055 ||| (to cure confusion)
  6088 | D:8      | Identified the +12 dagger of Dodacostog {distort, Drain rF+
                  | rC+}
  6519 | D:8      | 6519 ||| Stepping ~*~*~tactically~*~*~ (stealth).
  6520 | D:8      | 6520 ||| Stepping ~*~*~tactically~*~*~ (stealth).
  6627 | D:8      | 6627 ||| Stepping ~*~*~tactically~*~*~ (hiding).
  6825 | D:8      | 6825 ||| UPGRADING to +0 acid dragon scales.
  6835 | D:8      | 6835 ||| DROPPING +0 robe.
  6836 | D:8      | 6836 ||| READING scroll of enchant armour.
  6836 | D:8      | 6836 ||| ENCHANTING +0 acid dragon scales.
  6837 | D:8      | 6837 ||| DROPPING ring of wizardry.
  6838 | D:8      | 6838 ||| READING scroll labelled DITIDGH COLIANT.
  6910 | D:9      | 6910 ||| STAIRDANCE
  6922 | D:9      | Reached skill level 1 in Armour
  6957 | D:9      | 6957 ||| INVOKING Fiery Armour.
  6962 | D:9      | 6962 ||| Stepping ~*~*~tactically~*~*~ (outnumbered).
  6966 | D:9      | 6966 ||| Stepping ~*~*~tactically~*~*~ (stealth).
  7007 | D:9      | HP: 16/84 [orc priest/divine providence (11)]
  7008 | D:9      | 7008 ||| READING 5 scrolls of teleportation.
  7008 | D:9      | HP: 6/84 [orc priest/divine providence (11)]
  7009 | D:9      | 7009 ||| DRINKING potion of heal wounds.
  7013 | D:9      | Reached XP level 10. HP: 9/92 MP: 10/10
  7159 | D:9      | 7159 ||| Stepping ~*~*~tactically~*~*~ (outnumbered).
  7160 | D:9      | 7160 ||| Stepping ~*~*~tactically~*~*~ (outnumbered).
  7191 | D:9      | 7191 ||| Stepping ~*~*~tactically~*~*~ (stealth).
  7195 | D:9      | 7195 ||| Stepping ~*~*~tactically~*~*~ (stealth).
  7200 | D:9      | 7200 ||| Stepping ~*~*~tactically~*~*~ (stealth).
  7205 | D:9      | 7205 ||| Stepping ~*~*~tactically~*~*~ (outnumbered).
  7208 | D:9      | 7208 ||| Stepping ~*~*~tactically~*~*~ (outnumbered).
  7209 | D:9      | 7209 ||| Stepping ~*~*~tactically~*~*~ (outnumbered).
  7210 | D:9      | 7210 ||| Stepping ~*~*~tactically~*~*~ (outnumbered).
  7211 | D:9      | 7211 ||| Stepping ~*~*~tactically~*~*~ (outnumbered).
  7215 | D:9      | 7215 ||| Stepping ~*~*~tactically~*~*~ (outnumbered).
  7218 | D:9      | 7218 ||| Stepping ~*~*~tactically~*~*~ (outnumbered).
  7219 | D:9      | 7219 ||| Stepping ~*~*~tactically~*~*~ (outnumbered).
  7220 | D:9      | 7220 ||| Stepping ~*~*~tactically~*~*~ (outnumbered).
  7224 | D:9      | 7224 ||| Stepping ~*~*~tactically~*~*~ (outnumbered).
  7305 | D:9      | 7305 ||| Stepping ~*~*~tactically~*~*~ (stealth).
  7308 | D:9      | 7308 ||| Stepping ~*~*~tactically~*~*~ (outnumbered).
  7398 | D:9      | 7398 ||| Stepping ~*~*~tactically~*~*~ (stealth).
  7400 | D:9      | 7400 ||| Stepping ~*~*~tactically~*~*~ (hiding).
  7414 | D:9      | 7414 ||| Stepping ~*~*~tactically~*~*~ (stealth).
  7428 | D:9      | 7428 ||| Stepping ~*~*~tactically~*~*~ (stealth).
  7429 | D:9      | 7429 ||| Stepping ~*~*~tactically~*~*~ (stealth).
  7431 | D:9      | 7431 ||| Stepping ~*~*~tactically~*~*~ (stealth).
  7458 | D:9      | 7458 ||| Stepping ~*~*~tactically~*~*~ (outnumbered).
  7472 | D:9      | Found a staircase to the Orcish Mines.
  7624 | D:9      | 7624 ||| Stepping ~*~*~tactically~*~*~ (stealth).
  7728 | D:9      | 7728 ||| READING scroll labelled SOMI PAEQYSISIO.
  7729 | D:9      | 7729 ||| READING 2 scrolls of identify.
  7729 | D:9      | 7729 ||| IDENTIFYING silvery potion
  7730 | D:9      | 7730 ||| DROPPING potion of invisibility.
  7763 | D:10     | Entered Level 10 of the Dungeon
  7813 | D:10     | Reached skill level 11 in Unarmed Combat
  7875 | D:10     | Found a flagged portal.
  7958 | D:10     | 7958 ||| Stepping ~*~*~tactically~*~*~ (stealth).
  7985 | D:10     | 7985 ||| Stepping ~*~*~tactically~*~*~ (hiding).
  7993 | D:10     | 7993 ||| Stepping ~*~*~tactically~*~*~ (stealth).
  8198 | D:10     | 8198 ||| Stepping ~*~*~tactically~*~*~ (stealth).
  8206 | D:10     | 8206 ||| Stepping ~*~*~tactically~*~*~ (outnumbered).
  8208 | D:10     | 8208 ||| Stepping ~*~*~tactically~*~*~ (outnumbered).
  8210 | D:10     | 8210 ||| Stepping ~*~*~tactically~*~*~ (outnumbered).
  8211 | D:10     | 8211 ||| Stepping ~*~*~tactically~*~*~ (outnumbered).
  8212 | D:10     | 8212 ||| Stepping ~*~*~tactically~*~*~ (outnumbered).
  8213 | D:10     | 8213 ||| Stepping ~*~*~tactically~*~*~ (outnumbered).
  8215 | D:10     | 8215 ||| Stepping ~*~*~tactically~*~*~ (outnumbered).
  8216 | D:10     | Noticed a lindwurm
  8219 | D:10     | Noticed a lindwurm
  8220 | D:10     | 8220 ||| INVOKING Fiery Armour.
  8221 | D:10     | Noticed a lindwurm
  8227 | D:10     | Noticed a lindwurm
  8231 | D:10     | 8231 ||| FLEEEEING.
  8232 | D:10     | 8232 ||| FLEEEEING.
  8233 | D:10     | 8233 ||| FLEEEEING.
  8234 | D:10     | 8234 ||| FLEEEEING.
  8237 | D:10     | 8237 ||| FLEEEEING.
  8238 | D:10     | 8238 ||| FLEEEEING.
  8241 | D:10     | 8241 ||| FLEEEEING.
  8242 | D:10     | 8242 ||| FLEEEEING.
  8244 | D:10     | 8244 ||| FLEEEEING.
  8245 | D:10     | 8245 ||| FLEEEEING.
  8252 | D:10     | 8252 ||| Stepping ~*~*~tactically~*~*~ (hiding).
  8263 | D:10     | Reached skill level 9 in Shields
  8265 | D:10     | Noticed a two-headed ogre
  8266 | D:10     | 8266 ||| DRINKING 2 potions of curing.
  8266 | D:10     | 8266 ||| (to cure confusion)
  8272 | D:10     | Killed a two-headed ogre
  8306 | D:10     | 8306 ||| FLEEEEING.
  8307 | D:10     | 8307 ||| FLEEEEING.
  8308 | D:10     | 8308 ||| FLEEEEING.
  8309 | D:10     | 8309 ||| FLEEEEING.
  8310 | D:10     | 8310 ||| FLEEEEING.
  8311 | D:10     | 8311 ||| FLEEEEING.
  8314 | D:10     | 8314 ||| FLEEEEING.
  8349 | D:10     | 8349 ||| FLEEEEING.
  8426 | D:10     | 8426 ||| FLEEEEING.
  8427 | D:10     | 8427 ||| FLEEEEING.
  8428 | D:10     | 8428 ||| FLEEEEING.
  8429 | D:10     | 8429 ||| FLEEEEING.
  8430 | D:10     | 8430 ||| FLEEEEING.
  8432 | D:10     | 8432 ||| FLEEEEING.
  8477 | D:10     | 8477 ||| UPGRADING to ring of see invisible.
  8587 | D:11     | 8587 ||| FLEEEEING.
  8621 | D:11     | 8621 ||| Stepping ~*~*~tactically~*~*~ (stealth).
  8625 | D:11     | 8625 ||| Stepping ~*~*~tactically~*~*~ (outnumbered).
  8626 | D:11     | 8626 ||| Stepping ~*~*~tactically~*~*~ (outnumbered).
  8631 | D:11     | Reached skill level 12 in Unarmed Combat
  8656 | D:11     | Found a staircase to the Lair.
  8657 | D:11     | 8657 ||| Stepping ~*~*~tactically~*~*~ (hiding).
  8659 | D:11     | 8659 ||| Stepping ~*~*~tactically~*~*~ (hiding).
  8675 | D:11     | 8675 ||| Stepping ~*~*~tactically~*~*~ (hiding).
  8803 | D:11     | Noticed a five-headed hydra
  8804 | D:11     | 8804 ||| INVOKING Fiery Armour.
  8809 | D:11     | Killed a six-headed hydra
  8887 | D:11     | Reached XP level 11. HP: 100/104 MP: 11/11
  9405 | D:11     | 9405 ||| PLANNING LAIR
  9416 | Lair:1   | Entered Level 1 of the Lair of Beasts
  9417 | Lair:1   | 9417 ||| PLANNING GAUNTLET
  9432 | Lair:1   | 9432 ||| Stepping ~*~*~tactically~*~*~ (stealth).
  9441 | Lair:1   | 9441 ||| Stepping ~*~*~tactically~*~*~ (outnumbered).
  9505 | Lair:1   | Reached skill level 13 in Unarmed Combat
  9509 | Lair:1   | 9509 ||| Stepping ~*~*~tactically~*~*~ (stealth).
  9519 | Lair:1   | 9519 ||| INVOKING Fiery Armour.
  9615 | Lair:1   | 9615 ||| Stepping ~*~*~tactically~*~*~ (stealth).
  9622 | Lair:1   | 9622 ||| Stepping ~*~*~tactically~*~*~ (stealth).
  9829 | Lair:1   | 9829 ||| RIP GAUNTLET
  9846 | Lair:1   | 9846 ||| PLANNING LAIR
  9847 | Lair:1   | 9847 ||| INVOKING Fiery Armour.
 10422 | Lair:1   | 10422 ||| READING scroll labelled DERYPAEWNE.
 10603 | Lair:2   | Found a runed translucent door.
 10612 | Lair:2   | Identified the +3 spear "Giyton" {speed, Str+4 Int+6}
 10612 | Lair:2   | Noticed a spriggan rider
 10648 | Lair:2   | Noticed a boulder beetle
 10649 | Lair:2   | 10649 ||| INVOKING Fiery Armour.
 10659 | Lair:2   | Killed a boulder beetle
 10660 | Lair:2   | Reached skill level 14 in Unarmed Combat
 10774 | Lair:2   | Noticed Sonja
 10775 | Lair:2   | 10775 ||| INVOKING Fiery Armour.
 10791 | Lair:2   | HP: 15/104 [Sonja/+0 short sword of distortion (12)]
 10792 | Lair:2   | 10792 ||| READING 4 scrolls of teleportation.
 10792 | Lair:2   | HP: 5/104 [Sonja/+0 short sword of distortion (10)]
 10792 | Lair:2   | Killed Sonja
 10793 | Lair:2   | Reached skill level 6 in Fighting
 11221 | Lair:2   | Noticed qw's ghost (journeyman TeWr)
 11252 | Lair:2   | 11252 ||| READING scroll labelled EXITE SIGH.
 11256 | Lair:3   | Found a shimmering altar of Xom.
 11256 | Lair:3   | Found a hole to the Spider Nest.
 11260 | Lair:3   | 11260 ||| Stepping ~*~*~tactically~*~*~ (outnumbered).
 11261 | Lair:3   | 11261 ||| Stepping ~*~*~tactically~*~*~ (outnumbered).
 11262 | Lair:3   | 11262 ||| Stepping ~*~*~tactically~*~*~ (outnumbered).
 11365 | Lair:3   | 11365 ||| Stepping ~*~*~tactically~*~*~ (stealth).
 11368 | Lair:3   | 11368 ||| Stepping ~*~*~tactically~*~*~ (stealth).
 11417 | Lair:3   | Reached XP level 12. HP: 114/114 MP: 12/12
 11499 | Lair:3   | Noticed a boulder beetle
 11500 | Lair:3   | 11500 ||| INVOKING Fiery Armour.
 11510 | Lair:3   | Killed a boulder beetle
 11614 | Lair:3   | Found a staircase to the Shoals.
 11817 | Lair:3   | Reached skill level 15 in Unarmed Combat
 11990 | Lair:3   | Noticed a death yak
 11991 | Lair:3   | 11991 ||| INVOKING Fiery Armour.
 11992 | Lair:3   | Noticed a death yak
 11995 | Lair:3   | Noticed a death yak
 11997 | Lair:3   | Noticed a death yak
 12001 | Lair:3   | 12001 ||| Stepping ~*~*~tactically~*~*~ (outnumbered).
 12001 | Lair:3   | Noticed a death yak
 12002 | Lair:3   | 12002 ||| Stepping ~*~*~tactically~*~*~ (outnumbered).
 12003 | Lair:3   | 12003 ||| Stepping ~*~*~tactically~*~*~ (outnumbered).
 12004 | Lair:3   | 12004 ||| Stepping ~*~*~tactically~*~*~ (outnumbered).
 12005 | Lair:3   | 12005 ||| Stepping ~*~*~tactically~*~*~ (outnumbered).
 12011 | Lair:3   | 12011 ||| Stepping ~*~*~tactically~*~*~ (outnumbered).
 12022 | Lair:3   | Killed a death yak
 12028 | Lair:3   | Killed a death yak
 12031 | Lair:3   | Killed a death yak
 12042 | Lair:3   | Killed a death yak
 12049 | Lair:3   | Killed a death yak
 12537 | Lair:3   | 12537 ||| DRINKING 2 golden potions.
 12538 | Lair:3   | 12538 ||| DROPPING potion of brilliance.
 12639 | Lair:4   | Noticed Nessos
 12640 | Lair:4   | 12640 ||| INVOKING Fiery Armour.
 12644 | Lair:4   | 12644 ||| Stepping ~*~*~tactically~*~*~ (hiding).
 12645 | Lair:4   | 12645 ||| Stepping ~*~*~tactically~*~*~ (hiding).
 12649 | Lair:4   | 12649 ||| Stepping ~*~*~tactically~*~*~ (hiding).
 12650 | Lair:4   | 12650 ||| Stepping ~*~*~tactically~*~*~ (hiding).
 12654 | Lair:4   | HP: 26/114 [Nessos/arrow (3)]
 12655 | Lair:4   | 12655 ||| READING 4 scrolls of teleportation.
 12655 | Lair:4   | HP: 11/114 [Nessos/arrow (7)]
 12656 | Lair:4   | 12656 ||| DRINKING potion of heal wounds.
 12658 | Lair:4   | Succumbed to Nessos's poison

Levels and vault maps discovered:
D:1:      evilmike_arrival_fibonacci_small, layout_loops_ring,
          shapermc_ecumenical_altar_hornbeckon, minmay_pentomino_q2
D:2:      layout_basic, basic_altar, serial_shops, nicolae_shop_waterfront
D:3:      layout_loops_corners, zin_statuary, serial_glass, glass_columns_b,
          glass_columns_c, gammafunk_ghost_abyssal_escape
D:4:      layout_rooms, serial_undead, serial_undead_c, serial_undead_c,
          serial_undead_b, serial_undead_c, serial_undead_e, serial_undead_b,
          serial_undead_f, uniq_menkaure
D:5:      layout_loops_ring, mainiacjoe_overflow_paths, ebering_ghost_sewer_d,
          st_stairs_7, uniq_crazy_yiuf_cottage
D:6:      layout_basic, uniq_eustachio
D:7:      layout_cave_pools, minmay_temple_entry_arrows, kennysheep_nub,
          minivault_22, uniq_duvessa
D:8:      layout_cave_pools, serial_co_window_serial, co_window_corner_a,
          co_window_paths_a, co_window_paths_b, co_window_corner_a,
          co_window_corner_a, co_window_corner_a, co_window_paths_a,
          co_window_corner_a, co_window_paths_a, co_window_broadway_b,
          co_window_corner_ca, co_window_corner_b, co_window_paths_c,
          co_window_corner_b, co_window_broadway_b, co_window_corner_b,
          glass_columns_b
D:9:      layout_roguey, david_orc_5
D:10:     layout_roguey, enter_bailey_8, minmay_lindwurm_lava
D:11:     layout_basic, erik_lair_orcish_takeover
Lair:1:   layout_loops_ring, gauntlet_entry_generic, serial_bayou_crossing,
          serial_bayou_shore_a, grunt_megastairs_2, lemuel_fruit_tree
Lair:2:   layout_roguey, ebering_ghost_funeral_grove, uniq_sonja
Lair:3:   layout_cave_pods, minmay_shoals_entry_centaurs, spider_nest_entry_a,
          basic_altar
Lair:4:   layout_roguey, portal_ice_cave_demonic_guard, uniq_nessos

Skill      XL: |  1  2  3  4  5  6  7  8  9 10 11 12 |
---------------+-------------------------------------+-----
Unarmed Combat | 4 5 6 8 9 10 12 14 15 | 15.3
Fighting       | 3 4 5 6 |  6.0
Throwing       | 2 3 |  3.1
Dodging        | 1 |  1.0
Shields        | 6 8 9 10 11 | 11.0
Armour         | 1 2 |  2.1
Spellcasting   | |  1.0
Fire Magic     | |  2.1

Action                   |  1- 3 |  4- 6 |  7- 9 | 10-12 || total
-------------------------+-------+-------+-------+-------++-------
Melee: Unarmed           |    90 |    91 |   311 |   471 ||   963
       Punch             |     1 |     7 |       |       ||     8
Throw: Boomerang         |       |    41 |    26 |    89 ||   156
       Javelin           |       |       |    48 |    24 ||    72
Invok: Fiery Armour      |       |     1 |     3 |     9 ||    13
  Use: Scroll            |     6 |     2 |     9 |     6 ||    23
       Potion            |     2 |     1 |     6 |     3 ||    12
Armor: Robe              |    31 |    30 |    84 |       ||   145
       Acid dragon scale |       |       |    21 |   174 ||   195
Dodge: Dodged            |    33 |    31 |   105 |   111 ||   280
Block: Kite shield       |       |       |    83 |   172 ||   255

Table legend:
 A = Non-vault XP
 B = Vault XP
 C = Vault XP percentage of total XP
 D = Non-vault monster count
 E = Vault monster count
 F = Vault count percentage of total count
                 A         B        C        D         E       F
            +---------+---------+-------+---------+---------+-------
      Total |   25361 |    4513 |  15.1 |     245 |      59 |  19.4
            +---------+---------+-------+---------+---------+-------
        D:1 |      32 |       3 |   8.6 |      18 |       2 |  10.0
        D:2 |      61 |       0 |   0.0 |      15 |       0 |   0.0
        D:3 |      22 |       0 |   0.0 |      12 |       0 |   0.0
        D:4 |     192 |     815 |  80.9 |      23 |      17 |  42.5
        D:5 |     404 |      40 |   9.0 |      16 |       1 |   5.9
        D:6 |     578 |     196 |  25.3 |      15 |       1 |   6.2
        D:7 |    1139 |     222 |  16.3 |      26 |       2 |   7.1
        D:8 |     916 |       0 |   0.0 |      17 |       0 |   0.0
        D:9 |     976 |    1054 |  51.9 |      21 |      22 |  51.2
       D:10 |    2300 |       0 |   0.0 |      21 |       0 |   0.0
       D:11 |    1591 |     628 |  28.3 |       5 |       9 |  64.3
     Lair:1 |    6688 |     289 |   4.1 |      25 |       1 |   3.8
     Lair:2 |    1873 |     782 |  29.5 |       6 |       1 |  14.3
     Lair:3 |    8589 |     484 |   5.3 |      25 |       3 |  10.7
            +---------+---------+-------+---------+---------+-------
